 Dungeon Crawl Stone Soup version 0.17.1-2-g5865329 (webtiles) character file.

54 RedPan the Slasher (level 3, -2/33 HPs)
             Began as a Draconian Chaos Knight on Jan 23, 2016.
             Slain by Sigmund
             ... wielding a +0 scythe
              (8 damage)
             ... on level 2 of the Dungeon.
             The game lasted 00:04:13 (1550 turns).

RedPan the Slasher (Draconian Chaos Knight)         Turns: 1550, Time: 00:04:14

Health: -2/33      AC:  6    Str: 14    XL:     3   Next: 66%
Magic:  12/12      EV: 12    Int: 13    God:    Xom [..*...]
Gold:   108        SH:  0    Dex: 10    Spells: 0 memorised, 2 levels left

rFire  . . .     SeeInvis .     a - +1 falchion (chaos)
rCold  . . .     Clarity  .     (armour unavailable)
rNeg   . . .     SustAt   .     (no shield)
rPois  .         Gourm    .     (helmet restricted)
rElec  .         Spirit   .     (no cloak)
rCorr  .         Warding  .     i - +0 pair of gloves
rMut   .         Stasis   +     (no boots)
MR     .....                    e - amulet of stasis
Stlth  +.........               h - ring of teleportation (curse)
                                d - ring of magical power (curse)

@: not resistant to hostile enchantments, very unstealthy
A: unfitting armour, cold-blooded, AC +5
a: Renounce Religion, Evoke Teleportation


You were on level 2 of the Dungeon.
You worshipped Xom.
You were a toy of Xom.
You were very hungry.

You visited 1 branch of the dungeon, and saw 2 of its levels.

You collected 108 gold pieces.

Inventory:

Hand Weapons
 a - a +1 falchion of chaos (weapon)
Armour
 i - a +0 pair of gloves (worn)
Jewellery
 d - a cursed ring of magical power (left hand)
 e - an amulet of stasis (around neck)
 h - a cursed ring of teleportation (right hand)
Scrolls
 n - 2 scrolls of identify {unknown}
 p - a scroll of fear {unknown}
Comestibles
 b - 2 bread rations
 j - a beef jerky
 m - a slice of pizza
 o - 4 fruits


   Skills:
 + Level 4.1 Fighting
 * Level 4.1 Long Blades
 - Level 2.1 Dodging


You had 2 spell levels left.
You didn't know any spells.

Dungeon Overview and Level Annotations

Branches:
Dungeon (2/15)

Altars:

Annotations:
D:2 Sigmund


Innate Abilities, Weirdness & Mutations

Your plain brown scales are hard (AC +5).
Your body does not fit into most forms of armour.
You are cold-blooded and may be slowed by cold attacks.


Message History

Sigmund hits you but does no damage. Sigmund hits you but does no damage.
Sigmund mumbles some strange words.
Sigmund flickers and vanishes!
Deactivating autopickup; reactivate with Ctrl-A.
You hear some strange, mumbled words.
A puff of flame appears from out of thin air!
Helpless, you fail to dodge the puff of flame.
Something hits you but does no damage. Something hits you.
You feel less woody.
Your +0 pair of gloves unmelds from your body.
Something hits you!
An ooze comes into view.
A magic dart appears from out of thin air!
The magic dart hits you!
* * * LOW HITPOINT WARNING * * *
The ooze quivers.
Something hits you!
You die...

#.####
#..###.########≈≈≈
#♣.).# #.#
##......g......#≈≈≈
P♣PP.# #.#
#..............##..
P ♣P.P# #.# #.#.#
#.# ##.# PP♣♣P.#
#.# #.#.# #.# #.##
P♣♣..P# #.# #.#.#
#.# ###. PP♣♣P.#
#.# #.#.# #.# #.P


P♣♣PPP# #.###.#J# #.# ##P P♣♣♣PP#####.....@§###.# ## ♣♣PP................g.# #
.♣P.P.##########.###### P♣P..## #.# .♣...# #.# .P..## #.# ..P## #.# #### #.. ##
You could see a gnoll and an ooze.

Vanquished Creatures
  An adder (D:2)
  An ooze (D:1)
  A worm (D:2)
  2 giant geckos (D:2)
  3 bats (D:1)
  5 hobgoblins
  A quokka (D:2)
  2 giant newts
  6 goblins (D:1)
  7 kobolds
  9 rats
38 creatures vanquished.

Vanquished Creatures (collateral kills)
  A rat (D:2)
1 creature vanquished.

Grand Total: 39 creatures vanquished

Notes
Turn   | Place    | Note
--------------------------------------------------------------
     0 | D:1      | RedPan the Draconian Chaos Knight began the quest for the Orb.
     0 | D:1      | Reached XP level 1. HP: 19/19 MP: 1/1
   170 | D:1      | Reached XP level 2. HP: 26/26 MP: 2/2
   268 | D:1      | XOM: harmless Pois miscast
   580 | D:1      | Reached XP level 3. HP: 28/33 MP: 3/3
   916 | D:2      | Reached skill level 4 in Fighting
   917 | D:2      | XOM: smoke on damage
  1304 | D:2      | XOM: cast spell 'Dragon Form'
  1324 | D:2      | XOM: colour smoke trail
  1511 | D:2      | Noticed Sigmund
  1529 | D:2      | XOM: enchant monster (bad)
  1533 | D:2      | XOM: smoke on damage
  1538 | D:2      | XOM: divination: detect creatures
  1550 | D:2      | Slain by Sigmund

Action                   || total
-------------------------++-------
Melee: Falchion          ||   107
  Use: Potion            ||     5
       Scroll            ||     2
  Eat: Chunk             ||     1
